 Dungeon Crawl Stone Soup version 0.27-a0-1158-gaa87e14f67 (webtiles) character file.

Game seed: 5551503138344400481

268 Glokmah the Chiller (level 6, -2/67 HPs)
             Began as a Demonspawn Ice Elementalist on May 15, 2021.
             Was a Follower of Uskayaw.
             Slain by Sigmund
             ... wielding a +2 scythe of venom
              (7 damage)
             ... on level 6 of the Dungeon.
             The game lasted 00:12:22 (4257 turns).

Glokmah the Chiller (Demonspawn Ice Elementalist)   Turns: 4257, Time: 00:12:22

Health: -2/67      AC: 23    Str: 11    XL:     6   Next: 1%
Magic:  1/10       EV:  2    Int: 16    God:    Uskayaw [*.....]
Gold:   148        SH:  0    Dex: 13    Spells: 4/11 levels left

rFire    . . .     SeeInvis .   a - +2 falchion (vorpal)
rCold    . . .     Faith    .   (no shield)
rNeg     + + +     Spirit   .   (armour currently unavailable)
rPois    +         Reflect  .   (helmet currently unavailable)
rElec    .         Harm     .   (cloak currently unavailable)
rCorr    .         Rampage  .   (gloves currently unavailable)
Will     .....     NoTele   +   (boots currently unavailable)
Stlth    ++........             (no amulet)
HPRegen  0.21/turn              (no ring)
MPRegen  0.12/turn              (no ring)

@: mighty, lethally poisoned (-2 -> -11), tree-form
A: stationary, stasis, torment immunity, boosted hp, (spiny 2)
a: Renounce Religion, Stomp


You were on level 6 of the Dungeon.
You worshipped Uskayaw.
Uskayaw was noncommittal.
You were a tree.
You visited 1 branch of the dungeon, and saw 5 of its levels.

You collected 148 gold pieces.

Inventory:

Hand Weapons
 a - a +2 vorpal falchion (weapon)
 c - a +1 whip of draining
Missiles
 f - 40 stones
 k - 30 poisoned darts (quivered)
 p - 4 boomerangs
 r - 6 atropa-tipped darts
Armour
 m - a +0 leather armour (melded)
 n - a +1 cloak of willpower (melded)
 o - a +0 pair of gloves (melded)
Scrolls
 b - a scroll of silence {unknown}
 d - a scroll of magic mapping {unknown}
 e - a scroll of immolation {unknown}
 g - 3 scrolls of amnesia {unknown}
 h - 2 scrolls of identify {unknown}
 i - a scroll of vulnerability {unknown}
Potions
 l - a potion of lignification
 s - a potion of degeneration {unknown}


   Skills:
 + Level 2.3 Fighting
 * Level 1.3 Long Blades
 - Level 1.7 Dodging
 - Level 1.7 Stealth
 + Level 3.0 Spellcasting
 * Level 5.0 Ice Magic
 + Level 2.6 Invocations


You had 4 spell levels left.
You knew the following spells:

 Your Spells              Type           Power      Damage    Failure   Level
a - Freeze                Ice            72%        1d9       2%          1
b - Frozen Ramparts       Ice            36%        1d5       7%          3
c - Ozocubu's Armour      Ice            18%        N/A       7%          3

Your spell library contained the following spells:

 Spells                   Type           Power      Damage    Failure   Level
 Ensorcelled Hibernation  Hex/Ice        20%        N/A       10%         2
 Animate Skeleton         Necr           4%         N/A       19%         1
 Apportation              Tloc           4%         N/A       19%         1
 Corona                   Hex            2%         N/A       19%         1
 Summon Small Mammal      Summ           8%         N/A       19%         1
 Confusing Touch          Hex            2%         N/A       50%         3
 Dazzling Flash           Conj/Hex       4%         N/A       50%         3
 Tukima's Dance           Hex            2%         N/A       50%         3
 Hailstorm                Conj/Ice       10%        3d5       54%         4
 Metabolic Englaciation   Hex/Ice        5%         N/A       88%         5


Dungeon Overview and Level Annotations

Branches:
Dungeon (4/15)
 Temple: D:4-7

Altars:
Dithmenos
Uskayaw

Portals:
Abyss: D:4

Annotations:
D:4 1 transporter, Ijustatesigmund's ghost, novice OpFi
D:6 Sigmund


Innate Abilities, Weirdness & Mutations

You are a tree.
Your roots penetrate the ground, keeping you stationary.
You cannot be teleported.
You are immune to unholy pain and torment.
Your maximum health is greatly increased.
Your equipment is partially melded.
((You are mostly covered in sharp spines.))


Message History

It was a potion of curing.
You feel better. Something hits you but does no damage.
Unknown command.
You feel better.
You hear some strange, mumbled words.
Something tries to affect you, but you resist.
You stomp with the beat, sending a shockwave through the revellers around you!
You can no longer pass through a line of other dancers.
You hear some strange, mumbled words.
You are confused.
You cannot move. (Use ctrl+direction or * direction to attack without moving.)
You cannot move. (Use ctrl+direction or * direction to attack without moving.) There's something in the way.
There's something in the way.
Okay, then.
You are too confused!
Okay, then.
You cannot move. (Use ctrl+direction or * direction to attack without moving.)
Something hits you. Something hits you but does no damage.
You are poisoned.
You feel very sick. Something hits you but does no damage.
You feel sick. Something hits you but does no damage.
You are more poisoned.
You feel very sick. Something hits you but does no damage.
You feel very sick. Something hits you but does no damage.
You are lethally poisoned!
You feel less confused.
* * * LOW HITPOINT WARNING * * *
You feel very sick. Something hits you but does no damage.
It was a potion of might.
You feel very mighty all of a sudden.
* * * LOW HITPOINT WARNING * * *
You feel very sick. Something hits you!
You die...

### #.# #
#.##### ..#
#.{♣..# ..
#.###.#
#.##.# #.#
#....# #.#
###..# #.#
#.5.......[
#.$..##.##.
......####
........


There were no monsters in sight!

Vanquished Creatures
  A scorpion (D:4)
  A howler monkey (D:3)
  Crazy Yiuf (D:2)
  An orc wizard (D:3)
  2 adders (D:3)
  A shadow imp (D:6)
  A worm (D:2)
  2 dart slugs
  12 orcs
  3 endoplasms (D:1)
  2 giant cockroaches
  7 goblins
  4 hobgoblins
  3 jackals (D:3)
  6 kobolds
  4 quokkas
  6 ball pythons
  3 bats (D:1)
  5 frilled lizards
  9 rats
74 creatures vanquished.

Vanquished Creatures (others)
  A plant (D:1)
  6 withered plants (D:1)
7 creatures vanquished.

Grand Total: 81 creatures vanquished

Notes
Turn   | Place    | Note
-------+----------+-------------------------------------------
     0 | D:1      | Glokmah the Demonspawn Ice Elementalist began the quest for
                  | the Orb.
     0 | D:1      | Reached XP level 1. HP: 13/13 MP: 3/3
   584 | D:1      | Gained mutation: You are partially covered in sharp spines.
                  | [demonic ancestry]
   584 | D:1      | Reached XP level 2. HP: 17/20 MP: 1/5
   685 | D:1      | Found a faded altar of an unknown god.
   740 | D:1      | Became a worshipper of Uskayaw the Reveller
   740 | D:1      | Reached * piety under Uskayaw
   855 | D:1      | Reached skill level 4 in Ice Magic
  1046 | D:1      | Reached ** piety under Uskayaw
  1278 | D:1      | Reached skill level 1 in Fighting
  1346 | D:1      | Gained mutation: You are mostly covered in sharp spines.
                  | [demonic ancestry]
  1346 | D:1      | Reached XP level 3. HP: 26/26 MP: 3/6
  1905 | D:2      | Reached skill level 1 in Invocations
  2079 | D:2      | Learned a level 3 spell: Frozen Ramparts
  2275 | D:2      | Found a shadowy altar of Dithmenos.
  2703 | D:2      | Found a runed translucent door.
  2704 | D:2      | Noticed Crazy Yiuf
  2710 | D:2      | Killed Crazy Yiuf
  2711 | D:2      | Reached XP level 4. HP: 10/32 MP: 1/7
  2998 | D:3      | Reached *** piety under Uskayaw
  3005 | D:3      | Reached **** piety under Uskayaw
  3332 | D:3      | Reached XP level 5. HP: 38/38 MP: 7/9
  3810 | D:4      | Found a one-way gate to the infinite horrors of the Abyss.
  3810 | D:4      | Noticed Ijustatesigmund's ghost (novice OpFi)
  3811 | D:4      | Noticed a small abomination
  3813 | D:4      | Found a transporter.
  3820 | D:4      | Noticed a small abomination
  4013 | D:3      | Learned a level 3 spell: Ozocubu's Armour
  4062 | D:4      | Reached skill level 1 in Long Blades
  4224 | D:4      | You fall into a shaft and drop 2 floors!
  4226 | D:6      | Noticed Sigmund
  4242 | D:6      | Reached skill level 5 in Ice Magic
  4242 | D:6      | Reached XP level 6. HP: 44/45 MP: 2/10
  4257 | D:6      | Slain by Sigmund

Illustrated notes

Levels and vault maps discovered:
D:1:      saegor_arrival_simple_e, layout_basic,
          shapermc_ecumenical_altar_flowoftime
D:2:      layout_basic, basic_altar, palyth_stone_intersect,
          uniq_crazy_yiuf_cottage
D:3:      layout_loops_ring
D:4:      layout_cave_pools, zin_treasury, kennysheep_mini_moat, temple_green,
          serial_shops, nicolae_shop_trees, gammafunk_ghost_abyssal_escape
D:6:      layout_basic, uniq_sigmund, uniq_duvessa

Skill      XL: |  1  2  3  4  5 |
---------------+----------------+-----
Ice Magic      | 4 5 |  5.0
Fighting       | 1 2 |  2.3
Invocations    | 1 2 |  2.6
Long Blades    | 1 |  1.3
Spellcasting   | 3 |  3.0
Dodging        | |  1.7
Stealth        | |  1.7

Action                   |  1- 3 |  4- 6 || total
-------------------------+-------+-------++-------
Melee: Short sword       |    20 |       ||    20
       Unarmed           |     1 |       ||     1
       Whip              |     7 |     3 ||    10
       Falchion          |       |    26 ||    26
 Cast: Freeze            |    46 |    13 ||    59
       Frozen Ramparts   |     1 |     4 ||     5
       Ozocubu's Armour  |       |     1 ||     1
Invok: Stomp             |       |     2 ||     2
  Use: Scroll            |       |     2 ||     2
       Potion            |       |     4 ||     4
Armor: Ring mail         |    23 |     2 ||    25
       Robe              |     2 |       ||     2
       Leather armour    |       |    21 ||    21
       Skin              |       |     8 ||     8
Dodge: Dodged            |    22 |    22 ||    44
       Rpst.: Falchion   |       |    10 ||    10

Table legend: (Time is in decaauts)
 A = Elapsed time spent in this place.
 B = Non-inter-level travel time spent in this place.
 C = Inter-level travel time spent in this place.
 D = Time resting spent in this place.
 E = Time spent auto-exploring this place.
 F = Levels seen in this place.
 G = Mean time per level.
                   A        B        C        D        E       F      G
               +--------+--------+--------+--------+--------+-----+--------+
         Total |   4255 |   3840 |    415 |    623 |   2404 |   5 |  851.0 |
       Dungeon |   4255 |   3840 |    415 |    623 |   2404 |   5 |  851.0 |
               +--------+--------+--------+--------+--------+-----+--------+

Top non-repeatable levels by time:
     D:1: 1859 daAuts
     D:2: 1116 daAuts
     D:3: 988 daAuts
     D:4: 258 daAuts
     D:6: 33 daAuts
